AoeStats
← CharlesV

Arabia

509662521Analyzed
1v1 RM · 6d ago on Sep 27, 2026· 42m 23s· 2 players
Game mode
Random Map
Map size
Tiny (2 player)
Population
200
Speed
Normal
Resources
Standard
Victory
Conquest
Starting age
Dark Age
Ending age
Imperial Age
RankedLock teamsTeams togetherTeam positionsShared explorationLock speedFull tech treeHidden civsTurbo modeCheats
Victory
Defeat
🇩🇪 Goths · Germany
1156
+18
🇦🇷 Magyars · Argentina
1191
-18
IdlePete
7:35 Loom
9:24 Feudal Age
10:07 Double-Bit Axe
9:46 Man-at-Arms
19:32 Wheelbarrow
18:46 Horse Collar
19:11 Fletching
22:11 Castle Age
20:30 Scale Mail Armor
22:24 Forging
23:24 Bow Saw
22:38 Long Swordsman
23:19 Squires
24:30 Padded Archer Armor
24:15 Elite Skirmisher
26:07 Leather Archer Armor
27:55 Bodkin Arrow
30:29 Ballistics
30:49 Chain Mail Armor
31:58 Iron Casting
35:11 Hand Cart
34:41 Town Watch
39:12 Imperial Age
36:45 Murder Holes
37:38 Pikeman
39:11 Anarchy
39:21 Heavy Plow
39:58 Perfusion
40:19 Conscription
40:03 Bracer
CharlesV
6:58 Loom
11:00 Feudal Age
12:31 Double-Bit Axe
12:27 Horse Collar
16:25 Gold Mining
17:13 Wheelbarrow
16:23 Town Watch
21:00 Castle Age
22:24 Bloodlines
22:14 Husbandry
23:40 Fletching
23:50 Padded Archer Armor
25:56 Bow Saw
26:49 Bodkin Arrow
27:11 Leather Archer Armor
28:10 Light Cavalry
29:07 Heavy Plow
31:24 Ballistics
32:00 Scale Barding Armor
35:43 Chain Barding Armor
36:24 Thumb Ring
42:32 Imperial Age
Connection lost

Rejoining the realm…

Still unreachable

The connection could not be restored.

Session expired

The server has moved on; the page needs a fresh start.